 Dungeon Crawl Stone Soup version 0.30.0-20-g3615ddf2f0 (webtiles) character file.

Game seed: 11599278341740112982

366 qw the Chopper (level 6, 0/38 HPs)
             Began as a Gargoyle Fighter on May 31, 2023.
             Killed by divine providence
             ... invoked by an orc priest
              (14 damage)
             ... on level 4 of the Dungeon.
             The game lasted 00:01:45 (3075 turns).

qw the Chopper (Gargoyle Fighter)                   Turns: 3075, Time: 00:01:45

Health: 0/38       AC: 11    Str: 22    XL:     6   Next: 68%
Magic:  6/6        EV: 14    Int:  8    God:
Gold:   130        SH:  4    Dex:  9    Spells: 5/5 levels left

rFire   . . .        Y - +0 war axe
rCold   . . .        c - +0 buckler
rNeg    + . .        h - +0 scale mail of Vokus {rCorr}
rPois   inf          (no helmet)
rElec   +            m - scarf {repulsion}
rCorr   +            (no gloves)
SInv    +            (no boots)
Will    .....        (no amulet) Stlth
                     l - +5 ring of evasion
HPRegen 0.26/turn    i - ring of see invisible
MPRegen 0.10/turn

%: repel missiles
@: no status effects
A: sickness immunity, AC +4, negative energy resistance 1, electricity
resistance, torment resistance 1, petrification resistance
a: no special abilities


You were on level 4 of the Dungeon.
You visited 1 branch of the dungeon, and saw 5 of its levels.

You collected 130 gold pieces.


Innate Abilities, Weirdness & Mutations

You are immune to sickness and miasma.
Your stone body is resilient. (AC +4)
You are immune to poison.
You resist negative energy. (rN+)
You are resistant to electric shocks. (rElec)
You are resistant to unholy torment.
You are immune to petrification.


   Skills:
 - Level 4.2 Fighting
 + Level 5.6 Axes
 - Level 3.2 Armour
 - Level 1.0 Dodging
 - Level 3.2 Shields


You had 5 spell levels left.
You didn't know any spells.
Your spell library was empty.

Inventory:

Hand Weapons
 e - a +2 vampiric whip
 Y - a +0 war axe (weapon)
Armour
 c - a +0 buckler (worn)
 h - the +0 scale mail of Vokus (worn) {rCorr}
   (You found it on level 2 of the Dungeon)

   rCorr:     It protects you from acid and corrosion.
 m - a scarf of repulsion (worn)
 r - a +2 cloak
Jewellery
 b - a ring of resist corrosion
 i - a ring of see invisible (right hand)
 k - a ring of ice
 l - a +5 ring of evasion (left hand)
Scrolls
 a - a scroll of identify
 p - 2 scrolls of teleportation
Potions
 d - 3 potions of might
 f - 2 potions of attraction
 g - a potion of heal wounds {unknown}
 j - a potion of curing {unknown}
 n - a potion of cancellation {unknown}
 s - a potion of mutation {unknown}

Dungeon Overview and Level Annotations

Branches:
Dungeon (5/15)
 Temple: D:4-7

Altars:
Makhleb
Vehumet

Shops:
D:3 =


Message History

The orc is heavily wounded.
The orc barely misses you. You block the orc's attack.
You slash the orc!
You kill the orc!
An orc wizard comes into view. It is wielding a +0 dagger.
3066 ||| Stepping ~*~*~tactically~*~*~ (stealth).
There is a stone staircase leading up here.
The orc wizard shouts!
An orc comes into view. It is wielding a +0 dagger.
3068 ||| Stepping ~*~*~tactically~*~*~ (hiding).
There is an open door here.
You start waiting.
An orc wizard is nearby!
An orc priest comes into view. It is wielding a +1 whip of venom.
The orc shouts!
The orc priest mumbles some strange prayers to Beogh against you.
Beogh smites you!
You hit the orc wizard.
The orc wizard is moderately wounded.
The orc priest calls upon Beogh to heal the orc wizard.
The orc wizard's wounds heal themselves!
The orc wizard hits you but does no damage.
You closely miss the orc wizard. The orc wizard casts a spell at you.
The magic dart hits you!
You slash the orc wizard!
The orc wizard is almost dead.
The orc priest looks braver for a moment.
The orc wizard hits you but does no damage.
The orc misses you.
The orc wizard hits you but does no damage.
You slash the orc wizard!
You kill the orc wizard!
You slash the orc!
You kill the orc!
You hit the orc priest.
The orc priest is heavily wounded.
The orc priest invokes the aid of Beogh against you.
Beogh smites you!
You die...

#.>......
#####........
............
...........
........#
.......#
####+#o)....#
#....#@.....#
#....'<.....#
###..#......#
####......#
#.....##
#.....#
#.....#
#.....#
+.....#


You could see an orc priest.

Vanquished Creatures
  A scorpion (D:5)
  3 hounds
  An iguana (D:5)
  An orc wizard (D:4)
  8 adders
  2 white imps (D:5)
  A worm (D:3)
  A dart slug (D:1)
  4 orcs
  7 endoplasms
  4 giant cockroaches
  7 goblins
  12 hobgoblins
  2 jackals (D:1)
  4 kobolds
  2 quokkas (D:3)
  7 ball pythons
  6 bats
  6 rats
79 creatures vanquished.

Notes
Turn   | Place    | Note
-------+----------+-------------------------------------------
     0 | D:1      | qw the Gargoyle Fighter began the quest for the Orb.
     0 | D:1      | Reached XP level 1. HP: 14/14 MP: 1/1
     0 | D:1      | 0 ||| qw: Version: 0.2-a-102-gfc559e5
     0 | D:1      | 0 ||| qw: Game counter: 547
     0 | D:1      | 0 ||| qw: Always use a shield: true
     0 | D:1      | 0 ||| qw: God list: Okawaru
     0 | D:1      | 0 ||| qw: Allow faded altars: false
     0 | D:1      | 0 ||| qw: Do Orc after D:15 true
     0 | D:1      | 0 ||| qw: Do second Lair branch before Depths: true
     0 | D:1      | 0 ||| qw: Lair rune preference: random
     0 | D:1      | 0 ||| qw: Plans: Normal, Zot:1-4, Slime:5, God:TSO, Crypt,
                  | Tomb, Pan, Hells, Abyss, Win
     0 | D:1      | 0 ||| PLANNING D:1-11
    67 | D:1      | Reached skill level 2 in Axes
    75 | D:1      | 75 ||| Stepping ~*~*~tactically~*~*~ (stealth).
   108 | D:1      | Reached XP level 2. HP: 19/19 MP: 2/2
   139 | D:1      | 139 ||| Stepping ~*~*~tactically~*~*~ (stealth).
   330 | D:1      | 330 ||| DROPPING +0 club.
   441 | D:1      | 441 ||| Stepping ~*~*~tactically~*~*~ (stealth).
   446 | D:1      | Reached skill level 3 in Axes
   477 | D:1      | 477 ||| Stepping ~*~*~tactically~*~*~ (hiding).
   486 | D:1      | Reached XP level 3. HP: 23/23 MP: 3/3
   902 | D:1      | 902 ||| UPGRADING to +0 cloak.
   907 | D:1      | 907 ||| UPGRADING to scarf of repulsion.
   917 | D:1      | 917 ||| UPGRADING to +5 ring of evasion.
   918 | D:1      | 918 ||| READING scroll labelled ROHOUG LUACUS.
   922 | D:1      | 922 ||| READING scroll labelled CUZACHARCHUE.
   923 | D:1      | 923 ||| READING scroll labelled GUOMIURRELI.
   924 | D:1      | 924 ||| READING scroll labelled MOIPTU VEADIEM.
   970 | D:2      | 970 ||| STAIRDANCE
   996 | D:2      | 996 ||| DROPPING +0 mace.
  1063 | D:2      | Found a radiant altar of Vehumet.
  1072 | D:2      | Identified the +0 scale mail of Vokus {rCorr}
  1114 | D:2      | 1114 ||| Stepping ~*~*~tactically~*~*~ (stealth).
  1215 | D:2      | Reached XP level 4. HP: 28/28 MP: 4/4
  1298 | D:2      | Identified the +0 ring mail "Put-Me-On" {Rampage Will-
                  | Int+4}
  1299 | D:2      | 1299 ||| Stepping ~*~*~tactically~*~*~ (stealth).
  1330 | D:2      | Reached skill level 4 in Axes
  1616 | D:2      | 1616 ||| DROPPING +0 cloak.
  1617 | D:2      | 1617 ||| UPGRADING to +0 scale mail of Vokus {rCorr}.
  1627 | D:2      | 1627 ||| DROPPING +0 scale mail.
  1628 | D:2      | 1628 ||| UPGRADING to ring of see invisible.
  1629 | D:2      | 1629 ||| READING scroll labelled HEUCHA VOWACEF.
  1630 | D:2      | 1630 ||| READING scroll labelled LUFFOQOSSE.
  1631 | D:2      | 1631 ||| READING scroll labelled YLOQEDWORE.
  1796 | D:3      | Found Zoepti's Jewellery Shop.
  1812 | D:3      | 1812 ||| SHOPLISTING amulet of regeneration (300 gold, have
                  | 59).
  1812 | D:3      | 1812 ||| SHOPLISTING ring of Surprise {Contam rC+ rCorr
                  | Str+6 Int+8} (668 gold, have 59).
  1812 | D:3      | 1812 ||| SHOPLISTING ring of ice (250 gold, have 59).
  2022 | D:3      | 2022 ||| Stepping ~*~*~tactically~*~*~ (stealth).
  2097 | D:3      | Found a burning altar of Makhleb.
  2097 | D:3      | Noticed a balrug
  2163 | D:3      | You fall into a shaft and drop 2 floors!
  2163 | D:5      | Entered Level 5 of the Dungeon
  2177 | D:5      | 2177 ||| Stepping ~*~*~tactically~*~*~ (stealth).
  2178 | D:5      | 2178 ||| Stepping ~*~*~tactically~*~*~ (stealth).
  2190 | D:5      | 2190 ||| Stepping ~*~*~tactically~*~*~ (hiding).
  2338 | D:5      | Reached XP level 5. HP: 32/32 MP: 5/5
  2342 | D:5      | 2342 ||| Stepping ~*~*~tactically~*~*~ (hiding).
  2359 | D:5      | 2359 ||| Stepping ~*~*~tactically~*~*~ (stealth).
  2364 | D:5      | 2364 ||| Stepping ~*~*~tactically~*~*~ (stealth).
  2372 | D:5      | Reached skill level 5 in Axes
  2422 | D:5      | Reached XP level 6. HP: 32/38 MP: 6/6
  2452 | D:5      | 2452 ||| READING 2 scrolls labelled GOYCHI ARAULIST.
  2453 | D:5      | 2453 ||| READING 2 scrolls of identify.
  2453 | D:5      | 2453 ||| IDENTIFYING brown potion
  2454 | D:5      | 2454 ||| DROPPING scroll of amnesia.
  2470 | D:5      | 2470 ||| Stepping ~*~*~tactically~*~*~ (stealth).
  2478 | D:5      | Reached skill level 1 in Dodging
  2865 | D:3      | 2865 ||| Stepping ~*~*~tactically~*~*~ (stealth).
  3057 | D:4      | 3057 ||| Stepping ~*~*~tactically~*~*~ (stealth).
  3066 | D:4      | 3066 ||| Stepping ~*~*~tactically~*~*~ (stealth).
  3068 | D:4      | 3068 ||| Stepping ~*~*~tactically~*~*~ (hiding).
  3075 | D:4      | Killed from afar by an orc priest

Levels and vault maps discovered:
D:1:      grunt_arrival_lava_bath, layout_loops_ring, serial_bayou_lagoon_a
D:2:      layout_basic, basic_altar
D:3:      layout_basic, makhleb_altar_promises_db, serial_shops,
          nicolae_shop_gaudy_bauble, saegor_snake_ambush
D:4:      layout_gridville, nemelex_spade_bored_becter
D:5:      layout_basic, grunt_gozag_breadcrumbs, minmay_misc_feat_iff

Skill      XL: |  1  2  3  4  5  6 |
---------------+-------------------+-----
Axes           | 2 3 4 5 |  5.6
Fighting       | 4 |  4.2
Dodging        | 1 |  1.0
Armour         | |  3.2
Shields        | |  3.2

Action                     |  1- 3 |  4- 6 || total
---------------------------+-------+-------++-------
  Melee: War axe           |    99 |   189 ||   288
    Use: Scroll            |     4 |     5 ||     9
 Armour: Scale mail        |    45 |    68 ||   113
  Dodge: Dodged            |    52 |   109 ||   161
         Repelled          |       |     1 ||     1
  Block: Buckler           |    18 |    34 ||    52

Table legend:
 A = Non-vault XP
 B = Vault XP
 C = Vault XP percentage of total XP
 D = Non-vault monster count
 E = Vault monster count
 F = Vault count percentage of total count
                 A         B        C        D         E       F
            +---------+---------+-------+---------+---------+-------
      Total |     509 |      15 |   2.9 |      77 |       2 |   2.5
            +---------+---------+-------+---------+---------+-------
        D:1 |      40 |       0 |   0.0 |      22 |       0 |   0.0
        D:2 |      77 |       0 |   0.0 |      18 |       0 |   0.0
        D:3 |      54 |      15 |  21.7 |      22 |       2 |   8.3
        D:4 |     100 |       0 |   0.0 |       8 |       0 |   0.0
        D:5 |     238 |       0 |   0.0 |       7 |       0 |   0.0
            +---------+---------+-------+---------+---------+-------
